 Dungeon Crawl Stone Soup version 0.27-a0-681-g0c81a3c1c3 (webtiles) character file.

Game seed: 12659046080778606246

4 scammafunk the Skirmisher (level 1, -1/18 HPs)
             Began as a Demonspawn Abyssal Knight on Mar 19, 2021.
             Was an Initiate of Lugonu.
             Slain by a kobold (4 damage)
             ... on level 1 of the Dungeon.
             The game lasted 00:02:18 (395 turns).

scammafunk the Skirmisher (DsAK)                     Turns: 395, Time: 00:02:19

Health: -1/18      AC:  3    Str: 12    XL:     1   Next: 50%
Magic:  2/2        EV: 10    Int: 13    God:    Lugonu [......]
Gold:   69         SH:  5    Dex: 12    Spells: 0/0 levels left

rFire    . . .     SeeInvis .   a - +1 mace
rCold    . . .     Faith    .   c - +2 buckler
rNeg     . . .     Spirit   .   b - +0 leather armour
rPois    .         Reflect  .   (no helmet)
rElec    .         Harm     .   (no cloak)
rCorr    .         Rampage  .   (no gloves)
Will     .....                  (no boots)
Stlth    +.........             (no amulet)
HPRegen  0.06/turn              (no ring)
MPRegen  0.08/turn              (no ring)

@: no status effects
A: no striking features
a: Renounce Religion


You were on level 1 of the Dungeon.
You worshipped Lugonu.
Lugonu was noncommittal.
You visited 1 branch of the dungeon, and saw 1 of its levels.
You visited the Abyss 1 time.

You collected 69 gold pieces.

Inventory:

Hand Weapons
 a - a +1 mace (weapon)
 e - a +0 spectral quarterstaff
Armour
 b - a +0 leather armour (worn)
 c - a +2 buckler (worn)
Scrolls
 d - a scroll of identify
 f - a scroll of enchant weapon


   Skills:
 + Level 3.0 Fighting
 + Level 1.8 Maces & Flails
 + Level 1.8 Armour
 + Level 1.0 Dodging
 + Level 2.5 Invocations


You couldn't memorise any spells.
You didn't know any spells.
Your spell library was empty.

Dungeon Overview and Level Annotations

Branches:
Dungeon (1/15)

Altars:


Message History

A frilled lizard comes into view.
The bat hits you but does no damage.
You see here a +0 club.
The bat hits you. The bat misses you.
You hit the rat.
You kill the rat!
Lugonu accepts your kill. The bat closely misses you.
You miss the leopard gecko. The leopard gecko bites you.
The leopard gecko bites you but does no damage.
You closely miss the leopard gecko. The leopard gecko barely misses you.
The leopard gecko bites you.
You miss the leopard gecko. The leopard gecko barely misses you.
The leopard gecko bites you.
* * * LOW HITPOINT WARNING * * *
You barely miss the leopard gecko. The leopard gecko closely misses you.
You hit the leopard gecko.
The leopard gecko is severely wounded.
The leopard gecko bites you.
* * * LOW HITPOINT WARNING * * *
The leopard gecko bites you.
* * * LOW HITPOINT WARNING * * *
You miss the leopard gecko.
The leopard gecko is severely wounded.
The leopard gecko bites you but does no damage.
The leopard gecko barely misses you.
You closely miss the leopard gecko.
The leopard gecko is severely wounded.
You block the leopard gecko's attack.
You hit the leopard gecko but do no damage.
The leopard gecko is severely wounded.
You block the leopard gecko's attack. The leopard gecko closely misses you.
You hit the leopard gecko.
You kill the leopard gecko!
Lugonu accepts your kill. You block the bat's attack.
The bat barely misses you.
Your Dodging skill increases to level 1!
You closely miss the kobold. The kobold hits you.
You die...

#####≈P≈...#####
..PP≈#####.#...# ........#
##≈PP# #.#...# ........#
##P≈≈# ###.#...# #.......#
PP##.# #...#...# #........
≈≈##.###.......# #......##
≈P.........#...# #....$[..
#########.##...###........
#........@Kb....>..
#.#########l.......
#......# #........
#......# #......##
#......# ###......
#......# ...... #......#
...... #.###### ...... #.#


You could see a bat, a kobold and a frilled lizard.

Vanquished Creatures
  A leopard gecko (D:1)
  A hobgoblin (D:1)
  A rat (D:1)
3 creatures vanquished.

Vanquished Creatures (others)
  11 starspawn tentacles
11 creatures vanquished.

Grand Total: 14 creatures vanquished

Notes
Turn   | Place    | Note
-------+----------+-------------------------------------------
     0 | Abyss:1  | scammafunk the Demonspawn Abyssal Knight began the quest
                  | for the Orb.
     0 | Abyss:1  | Reached XP level 1. HP: 18/18 MP: 2/2
   107 | Abyss:1  | Noticed a starcursed mass
   120 | Abyss:1  | Noticed a tentacled starspawn
   121 | Abyss:1  | Noticed a tentacled starspawn
   121 | Abyss:1  | Noticed a neqoxec
   128 | Abyss:1  | Noticed a large abomination
   154 | Abyss:2  | Noticed a tentacled starspawn
   155 | Abyss:2  | Noticed a spatial maelstrom
   185 | Abyss:2  | Noticed an iron imp
   208 | D:1      | Escaped the Abyss
   395 | D:1      | Reached skill level 1 in Dodging
   395 | D:1      | Slain by a kobold

Illustrated notes

Levels and vault maps discovered:
D:1:      psy_arrival_conway, layout_basic, serial_shops, shop,
          corexii_item_surrounded_by_moat

Skill      XL: |  1 |
---------------+----+-----
Dodging        | 1 |  1.0
Fighting       | |  3.0
Maces & Flails | |  1.8
Armour         | |  1.8
Invocations    | |  2.5

Action                   || total
-------------------------++-------
Melee: Mace              ||    13
Invok: Depart the Abyss  ||     1
  Use: Scroll            ||     1
Armor: Leather armour    ||     3
Dodge: Dodged            ||    10
Block: Buckler           ||     4

Table legend: (Time is in decaauts)
 A = Elapsed time spent in this place.
 B = Non-inter-level travel time spent in this place.
 C = Inter-level travel time spent in this place.
 D = Time resting spent in this place.
 E = Time spent auto-exploring this place.
 F = Levels seen in this place.
 G = Mean time per level.
                   A        B        C        D        E       F      G
               +--------+--------+--------+--------+--------+-----+--------+
         Total |    401 |    401 |      0 |    125 |    134 |   3 |  133.7 |
       Dungeon |    193 |    193 |      0 |    125 |     43 |   1 |  193.0 |
         Abyss |    208 |    208 |      0 |      0 |     91 |   2 |  104.0 |
               +--------+--------+--------+--------+--------+-----+--------+

Top non-repeatable levels by time:
     D:1: 193 daAuts
 Abyss:1: 136 daAuts
 Abyss:2: 72 daAuts
